 Dungeon Crawl Stone Soup version 0.20-a0-210-gd6c29eb (webtiles) character file.

137 Gorice the Gusty (level 5, 0/31 HPs)
             Began as a High Elf Air Elementalist on Nov 26, 2016.
             Slain by a crimson imp (4 damage)
             ... on level 2 of the Dungeon.
             The game lasted 00:12:42 (2438 turns).

Gorice the Gusty (High Elf Air Elementalist)        Turns: 2438, Time: 00:12:42

Health: 0/31       AC:  7    Str:  8    XL:     5   Next: 0%
Magic:  3/10       EV: 10    Int: 19    God:
Gold:   100        SH:  0    Dex: 15    Spells: 9/10 levels left

rFire  . . .     SeeInvis .     a - +0 falchion
rCold  . . .     Gourm    .     i - +0 ring mail
rNeg   . . .     Faith    .     (no shield)
rPois  .         Spirit   .     (no helmet)
rElec  .         Reflect  .     (no cloak)
rCorr  .         Harm     .     (no gloves)
MR     .....                    k - +1 pair of boots
Stlth  +.........               (no amulet)
                                (no ring)
                                (no ring)

@: very slightly contaminated
A: no striking features
a: no special abilities


You were on level 2 of the Dungeon.
You were hungry.

You visited 1 branch of the dungeon, and saw 3 of its levels.

You collected 100 gold pieces.

Inventory:

Hand Weapons
 a - a +0 falchion (weapon)
Missiles
 f - 21 poisoned needles
 g - 55 sling bullets
 l - 24 bolts
 Y - a throwing net
 Z - 85 stones (quivered)
Armour
 i - a +0 ring mail (worn)
 k - a +1 pair of boots (worn)
 o - a +0 robe
Scrolls
 h - a scroll of enchant weapon
 j - a scroll of noise {unknown}
 r - a scroll of remove curse
Potions
 d - a potion of ambrosia
 e - 2 potions of curing
 m - a potion of magic {unknown}
 q - a potion of haste {!q}
Books
 b - a book of Air
Comestibles
 c - 3 bread rations {!e}
 n - 6 chunks of flesh


   Skills:
 + Level 2.0 Long Blades
 - Level 2.1 Dodging
 - Level 2.1 Stealth
 - Level 3.1 Spellcasting
 - Level 4.0 Conjurations
 - Level 4.1 Air Magic


You had 9 spell levels left.
You knew the following spells:

 Your Spells              Type           Power        Failure   Level  Hunger
a - Shock                 Conj/Air       ###.         12%         1    None


Dungeon Overview and Level Annotations

Branches:
Dungeon (3/15)

Altars:
Hepliaklqana
Kikubaaqudgha
Nemelex Xobeh
Ru
Trog
Xom


Message History

Confirm with . or Enter, or press ? or * to list all spells.
Aiming: Shock
Press: ? - help, Shift-Dir - straight line, f - crimson imp
Aim: a crimson imp The zap misses the crimson imp.
Casting: Shock
Confirm with . or Enter, or press ? or * to list all spells.
Aiming: Shock
Press: ? - help, Shift-Dir - straight line, p - crimson imp The zap hits the crimson imp.
The crimson imp is moderately wounded.
Casting: Shock
Confirm with . or Enter, or press ? or * to list all spells.
Aiming: Shock
Press: ? - help, Shift-Dir - straight line You miscast Shock.
Your hair stands on end.
Casting: Shock
Confirm with . or Enter, or press ? or * to list all spells.
Aiming: Shock
Press: ? - help, Shift-Dir - straight line The zap misses the crimson imp.
You closely miss the crimson imp.
The crimson imp is lightly wounded.
The crimson imp hits you.
* * * LOW HITPOINT WARNING * * *
The crimson imp hits you but does no damage.
Damage: 2 (max 2)
The crimson imp hits you.
* * * LOW HITPOINT WARNING * * *
Damage: 1 (max 2)
The crimson imp grinds its teeth.
There is a stone staircase leading up here.
You hit the crimson imp but do no damage.
The crimson imp hits you.
* * * LOW HITPOINT WARNING * * *
Damage: 1 (max 2)
You closely miss the crimson imp. The crimson imp hits you.
* * * LOW HITPOINT WARNING * * *
Damage: 1 (max 2)
You hit the crimson imp.
The crimson imp is lightly wounded.
The crimson imp closely misses you.
You riposte.
You hit the crimson imp.
The crimson imp is moderately wounded.
You completely miss the crimson imp.
The crimson imp is moderately wounded.
The crimson imp hits you but does no damage.
You closely miss the crimson imp.
The crimson imp is moderately wounded.
The crimson imp hits you.
You die...

### #..........# ######..###.#
..# #...)......# ####....#....#.#
#.# #....>.....# #....##.#.#..#.#
#.# ########...###.#####.#.#....#
..# #.......##............ ###
#.......##.#.##.#..... #
#.......##.#.##.##....
############.#..5.<##.#.##.......
................@####.#.##)....##
#######.#.#.##...# #.#.##.###..#
# #§#.#.##...# #.#.##.# ##.# #
#§#.)......# #.#.##.# #.# #
#§#.###.#..# #.#....# #.# #
#§#...#.#..####.###### #.# #
#§###.#.#.......# ####.# #
#.#....[#.#.##### #.....
#######.....#...#..#########.....


You could see a crimson imp.

Vanquished Creatures
  3 gnolls (D:3)
  An adder (D:3)
  An ooze (D:1)
  3 worms (D:2)
  2 dart slugs
  A leopard gecko (D:1)
  11 orcs
  5 bats
  2 giant cockroaches (D:1)
  10 goblins
  9 hobgoblins
  4 jackals (D:1)
  6 kobolds
  A quokka (D:2)
  A ball python (D:3)
  4 frilled lizards
  2 rats
66 creatures vanquished.

Notes
Turn   | Place    | Note
-------+----------+-------------------------------------------
     0 | D:1      | Gorice the High Elf Air Elementalist began the quest for the Orb.
     0 | D:1      | Reached XP level 1. HP: 11/11 MP: 4/4
   149 | D:1      | Reached skill level 2 in Conjurations
   180 | D:1      | Reached XP level 2. HP: 17/17 MP: 0/6
   539 | D:1      | Reached skill level 3 in Conjurations
   705 | D:1      | Reached XP level 3. HP: 21/21 MP: 0/7
  1488 | D:2      | Reached skill level 4 in Air Magic
  1883 | D:3      | Reached skill level 3 in Spellcasting
  1883 | D:3      | Reached XP level 4. HP: 27/27 MP: 3/9
  2070 | D:3      | Found a sparkling altar of Nemelex Xobeh.
  2111 | D:3      | Found an ancient bone altar of Kikubaaqudgha.
  2120 | D:3      | Found a bloodstained altar of Trog.
  2129 | D:3      | Found a sacrificial altar of Ru.
  2147 | D:3      | Found a hazy altar of Hepliaklqana.
  2195 | D:3      | Reached skill level 1 in Long Blades
  2195 | D:3      | Reached skill level 4 in Conjurations
  2364 | D:3      | Found a shimmering altar of Xom.
  2373 | D:3      | Reached skill level 2 in Long Blades
  2373 | D:3      | Reached XP level 5. HP: 28/31 MP: 8/10
  2398 | D:3      | HP: 6/31 [crimson imp/dagger of chaos (18)]
  2426 | D:2      | HP: 7/31 [crimson imp (2)]
  2434 | D:2      | HP: 5/31 [crimson imp (2)]
  2438 | D:2      | Slain by a crimson imp

Vault maps used:
D:1:      onia_arrival_pyramid
D:2:      first_bread, guppyfry_early_orc_mine
D:3:      nemelex_xobeh_ov_fountains_minmay, grunt_temple_overflow_cloverleaf,
          led_xom_imps

Skill      XL: |  1  2  3  4 |
---------------+-------------+-----
Conjurations   | 2 3 4 |  4.0
Air Magic      | 4 |  4.1
Spellcasting   | 3 |  3.1
Long Blades    | 2 |  2.0
Dodging        | |  2.1
Stealth        | |  2.1

Action                   |  1- 3 |  4- 6 || total
-------------------------+-------+-------++-------
Melee: Unarmed           |     8 |       ||     8
       Falchion          |       |    23 ||    23
 Cast: Shock             |    97 |    54 ||   151
  Use: Scroll            |     8 |     3 ||    11
  Eat: Chunk             |     3 |     1 ||     4
Armor: Robe              |     4 |       ||     4
       Ring mail         |       |    20 ||    20
Dodge: Dodged            |    14 |    12 ||    26
       Rpst.: Falchion   |       |     3 ||     3

Table legend:
 A = Turns spent in this place as a percentage of turns spent in the entire game.
 B = Non-inter-level travel turns spent in this place as a percentage of non-inter-level travel turns spent in the entire game.
 C = Inter-level travel turns spent in this place as a percentage of turns spent in this place.
 D = Turns resting spent in this place as a percentage of non-inter-level travel turns spent in this place.
 E = Turns spent auto-exploring this place as a percentage of non-inter-level travel turns spent in this place.
 F = Non-inter-level travel turns spent in this place divided by the number of levels of this place that you've seen.
                   A       B       C       D       E      F
               +-------+-------+-------+-------+-------+----------------------
         Total | 100.0 | 100.0 |   0.5 |   3.6 |   6.8 | 289.3
       Dungeon | 100.0 | 100.0 |   0.5 |   3.6 |   6.8 | 289.3
               +-------+-------+-------+-------+-------+----------------------

Vault maps used:
D:1:      onia_arrival_pyramid
D:2:      first_bread, guppyfry_early_orc_mine
D:3:      nemelex_xobeh_ov_fountains_minmay, grunt_temple_overflow_cloverleaf,
          led_xom_imps
